 Dungeon Crawl Stone Soup version 0.29-a0-837-g174bc33265 (webtiles) character file.

Game seed: 12977238824317021140

147 PentaManta the Slasher (level 5, -5/38 HPs)
             Began as a Merfolk Gladiator on July 13, 2022.
             Slain by Grinder (8 damage)
             ... while paralysed by Grinder
             ... on level 3 of the Dungeon.
             The game lasted 00:03:13 (2549 turns).

PentaManta the Slasher (Merfolk Gladiator)          Turns: 2549, Time: 00:03:14

Health: -5/38      AC:  5    Str: 14    XL:     5   Next: 29%
Magic:  5/5        EV:  2    Int:  8    God:
Gold:   149        SH:  0    Dex: 17    Spells: 4/4 levels left

rFire   . . .      SeeInvis .   o - +3 short sword
rCold   . . .      Faith    .   (no shield)
rNeg    . . .      Spirit   .   b - +0 leather armour
rPois   +          Reflect  .   c - +0 helmet
rElec   .          Harm     .   j - +0 cloak
rCorr   .          Rampage  .   (no gloves)
Will    .....                   (no boots)
Stlth   +.........              (no amulet)
HPRegen 0.12/turn               s - ring of poison resistance
MPRegen 0.09/turn               (no ring)

@: paralysed
A: (nimble swimmer 2), mertail
a: no special abilities


You were on level 3 of the Dungeon.
You visited 1 branch of the dungeon, and saw 3 of its levels.

You collected 149 gold pieces.

Inventory:

Hand Weapons
 a - a +0 long sword
 o - a +3 short sword (weapon)
Missiles
 d - a throwing net (quivered)
Armour
 b - a +0 leather armour (worn)
 c - a +0 helmet (worn)
 j - a +0 cloak (worn)
 m - an orb of guile
Jewellery
 l - a ring of wizardry
 s - a ring of poison resistance (left hand)
 u - an amulet of magic regeneration
Scrolls
 f - 4 scrolls of identify {unknown}
 g - 2 scrolls of teleportation {unknown}
 p - a scroll of fear {unknown}
 r - a scroll of amnesia {unknown}
 t - a scroll of noise {unknown}
Potions
 h - a potion of invisibility {unknown}
 i - a potion of mutation {unknown}
 k - 2 potions of curing {unknown}
 n - a potion of haste {unknown}
 q - a potion of degeneration {unknown}
 v - a potion of berserk rage {unknown}


   Skills:
 - Level 2.1 Fighting
 + Level 7.0 Long Blades
 - Level 2.0 Throwing
 - Level 4.0 Dodging


You had 4 spell levels left.
You didn't know any spells.
Your spell library contained the following spells:

 Spells                   Type           Power      Damage    Failure   Level
 Olgreb's Toxic Radiance  Pois           0%         N/A       99%         4
 Ozocubu's Refrigeration  Ice            0%         4d5       100%        7
 Ignition                 Fire           0%         3d3       100%        8


Dungeon Overview and Level Annotations

Branches:
Dungeon (3/15)

Altars:
Fedhas

Annotations:
D:3 Grinder


Innate Abilities, Weirdness & Mutations

((You are very nimble when in or above water. (Stealth+, EV+, Speed+++)))
Your lower body shifts to a powerful aquatic tail in water.


Message History

You throw a throwing net. The throwing net barely misses Grinder.
You see here a throwing net.
d - a throwing net Throw: throwing net
Press: ? - help, Q - select action, (/) - cycle Shift-Dir - straight line, f/p - Grinder
Aim: Grinder (lightly wounded, 58% to hit)
You throw a throwing net. The throwing net barely misses Grinder.
You hit Grinder.
Grinder is lightly wounded.
Grinder hits you.
You writhe in agony.
You hit Grinder.
Grinder is moderately wounded.
Grinder blinks!
Throw: javelin
Press: ? - help, Q - select action Shift-Dir - straight line, f/p - Grinder
Aim: Grinder (moderately wounded, 58% to hit)
You throw a javelin. The javelin pierces through Grinder.
Grinder is moderately wounded.
You barely miss Grinder.
Grinder is moderately wounded.
Grinder gestures at you. Pain shoots through your body!
You barely miss Grinder.
Grinder is moderately wounded.
Grinder closely misses you.
Okay, then.
Grinder gestures at you.
You suddenly lose the ability to move!
Grinder gestures at you. Pain shoots through your body!
* * * LOW HITPOINT WARNING * * *
You can move again.
Unknown command.
You see here a throwing net.
d - a throwing net Grinder gestures at you.
You suddenly lose the ability to move!
Grinder grins, showing sharp teeth.
Grinder hits you!
You die...

...................#
...................#
...................#
...........# #.....#
...........# #.....#
...........# #.....#
...........#+#)....#
................5..#
................@..#
..............######
..########....# ###
#...<# #..(.# ###+##


You could see Grinder.

Vanquished Creatures
  An iguana (D:3)
  5 adders
  A worm (D:2)
  A dart slug (D:2)
  5 orcs
  6 endoplasms
  5 giant cockroaches
  5 goblins
  6 hobgoblins
  7 jackals
  2 quokkas
  6 ball pythons
  2 bats
  3 frilled lizards
  4 kobolds
  7 rats
66 creatures vanquished.

Vanquished Creatures (others)
  3 plants
3 creatures vanquished.

Grand Total: 69 creatures vanquished

Notes
Turn   | Place    | Note
-------+----------+-------------------------------------------
     0 | D:1      | PentaManta the Merfolk Gladiator began the quest for the
                  | Orb.
     0 | D:1      | Reached XP level 1. HP: 16/16 MP: 1/1
    75 | D:1      | Reached skill level 4 in Long Blades
   278 | D:1      | Reached XP level 2. HP: 22/22 MP: 2/2
   681 | D:1      | Found a faded altar of an unknown god.
   785 | D:2      | Reached XP level 3. HP: 27/27 MP: 3/3
   795 | D:2      | Reached skill level 5 in Long Blades
  1213 | D:2      | Reached XP level 4. HP: 33/33 MP: 4/4
  1351 | D:2      | Reached skill level 6 in Long Blades
  2047 | D:3      | Reached XP level 5. HP: 31/38 MP: 5/5
  2136 | D:3      | Found a blossoming altar of Fedhas.
  2159 | D:3      | Identified the +5 leather armour of Facso {*Slow rC+ rN+
                  | Dex+5}
  2342 | D:3      | Reached skill level 7 in Long Blades
  2522 | D:3      | Noticed Grinder
  2523 | D:3      | Paralysed by Grinder for 3 turns
  2542 | D:3      | Paralysed by Grinder for 3 turns
  2548 | D:3      | Paralysed by Grinder for 5 turns
  2549 | D:3      | Slain by Grinder

Illustrated notes

Levels and vault maps discovered:
D:1:      matt_arrival_los_fun, layout_basic,
          hellmonk_ecumenical_altar_pennies_from_heaven, serial_bayou_pond_c,
          hangedman_decor_growths, minmay_pentomino_t4
D:2:      layout_loops_cross, serial_forest, infiniplex_forest_lined_1,
          infiniplex_forest_straight_3, infiniplex_forest_clump_curved,
          infiniplex_forest_clump_long, infiniplex_forest_end_3, minmay_tripent
D:3:      layout_basic, general_overflow_altar, palyth_stone_intersect,
          lemuel_flame_loot_1, uniq_grinder

Skill      XL: |  1  2  3  4  5 |
---------------+----------------+-----
Long Blades    | 4 5 6 7 |  7.0
Fighting       | |  2.1
Throwing       | |  2.0
Dodging        | |  4.0

Action                   |  1- 3 |  4- 6 || total
-------------------------+-------+-------++-------
Melee: Long sword        |    66 |       ||    66
       Tailslap          |     1 |       ||     1
       Short sword       |    28 |    81 ||   109
Throw: Throwing net      |       |     4 ||     4
       Javelin           |       |     1 ||     1
 Stab: Sleeping          |     2 |     2 ||     4
Armor: Leather armour    |    27 |    18 ||    45
Dodge: Dodged            |    58 |    56 ||   114

Table legend: (Time is in decaauts)
 A = Elapsed time spent in this place.
 B = Non-inter-level travel time spent in this place.
 C = Inter-level travel time spent in this place.
 D = Time resting spent in this place.
 E = Time spent auto-exploring this place.
 F = Levels seen in this place.
 G = Mean time per level.
                   A        B        C        D        E       F      G
               +--------+--------+--------+--------+--------+-----+--------+
         Total |   2546 |   2428 |    118 |     51 |   1902 |   3 |  848.7 |
       Dungeon |   2546 |   2428 |    118 |     51 |   1902 |   3 |  848.7 |
               +--------+--------+--------+--------+--------+-----+--------+

Top non-repeatable levels by time:
     D:2: 1062 daAuts
     D:1: 777 daAuts
     D:3: 706 daAuts
